 Dungeon Crawl Stone Soup version 0.31-a0-819-gf6de2f5ab6 (webtiles) character file.

Game seed: 2881157845388670157

224256 scionoferis the Apostle (level 18, -17/168 HPs)
             Began as a Hill Orc Monk on Sept 22, 2023.
             Was a High Priest of Beogh.
             Killed from afar by a deep elf zephyrmancer (30 damage)
             ... with a bolt of lightning
             ... on level 1 of the Elven Halls on Sept 23, 2023.
             The game lasted 03:19:41 (47289 turns).

scionoferis the Apostle (Hill Orc Monk)            Turns: 47289, Time: 03:19:42

Health: -17/168    AC: 29    Str: 26    XL:     18   Next: 81%
Magic:  32/32      EV:  9    Int: 12    God:    Beogh [*****.]
Gold:   3121       SH: 18    Dex: 17    Spells: 17/17 levels left

rFire   + .          .
                       - Unarmed
rCold   + . .        W - +0 kite shield {AC+3}
rNeg    + + .        b - +1 plate armour {rF+}
rPois   +            N - +2 hat
rElec   .            g - +0 cloak
rCorr   .            v - +0 pair of gloves of the Game of Life {Drain rPois Dex+4 Slay+4}
SInv    .            L - -1 pair of boots "Ygavydon" {rPois rC+ rN++ Dex-2}
Will    ++...        F - amulet of reflection Stlth
                     e - ring "Muod" {Will+ Str+4 Int+2 Dex+2}
HPRegen 0.48/turn    Z - +4 ring of protection
MPRegen 0.23/turn

%: reflection
@: studying Evocations
A: walk on water
}: 2/15 runes: serpentine, barnacled
a: Renounce Religion, Smiting, Recall Orcish Followers, Give Item to Named
Follower


You were on level 1 of the Elven Halls.
You worshipped Beogh.
Beogh was extremely pleased with you.
You visited 6 branches of the dungeon, and saw 31 of its levels.
You also visited: Trove, Bailey, Gauntlet and Ice Cave.

You collected 4242 gold pieces.
You spent 1121 gold pieces at shops.


   Skills:
 + Level 16.8 Fighting
 + Level 12.4 Armour
 - Level 5.0 Dodging
 + Level 12.9 Shields
 + Level 19.6 Unarmed Combat
 + Level 20.5 Invocations
 + Level 10.6 Evocations


You had 17 spell levels left.
You didn't know any spells.
Your spell library contained the following spells:

 Spells                   Type           Power      Damage    Failure   Level
 Freeze                   Ice            0%         1d3       99%         1
 Slow                     Hex            0%         N/A       99%         1
 Summon Small Mammal      Summ           0%         N/A       99%         1
 Cigotuvi's Dreadful Rot  Necr/Pois/Air  0%         N/A       99%         2
 Ensorcelled Hibernation  Hex/Ice        0%         N/A       99%         2
 Jinxbite                 Hex            0%         N/A       99%         2
 Lesser Beckoning         Tloc           0%         N/A       99%         2
 Passwall                 Tmut/Erth      0%         N/A       99%         2
 Call Canine Familiar     Summ           0%         N/A       100%        3
 Confusing Touch          Hex            0%         N/A       100%        3
 Gell's Gravitas          Tloc           0%         N/A       100%        3
 Ignite Poison            Fire/Tmut/Pois 0%         N/A       100%        3
 Inner Flame              Hex/Fire       0%         N/A       100%        3
 Sigil of Binding         Hex            0%         N/A       100%        3
 Stone Arrow              Conj/Erth      0%         3d7       100%        3
 Summon Guardian Golem    Hex/Summ       0%         N/A       100%        3
 Swiftness                Air            0%         N/A       100%        3
 Teleport Other           Tloc           0%         N/A       100%        3
 Vampiric Draining        Necr           0%         2d6       100%        3
 Anguish                  Hex/Necr       0%         N/A       100%        4
 Animate Armour           Summ/Erth      0%         N/A       100%        4
 Animate Dead             Necr           0%         N/A       100%        4
 Cause Fear               Hex            0%         N/A       100%        4
 Dimensional Bullseye     Hex/Tloc       0%         N/A       100%        4
 Flame Wave               Conj/Fire      0%         2d4       100%        4
 Leda's Liquefaction      Hex/Erth       0%         N/A       100%        4
 Sticky Flame             Conj/Fire      0%         2d3       100%        4
 Borgnjor's Vile Clutch   Necr/Erth      0%         N/A       100%        5
 Freezing Cloud           Conj/Ice/Air   0%         6-21      100%        5
 Iskenderun's Battlesphe  Conj           0%         2d6       100%        5
 Summon Forest            Summ/Tloc      0%         N/A       100%        5
 Summon Mana Viper        Hex/Summ       0%         N/A       100%        5
 Bombard                  Conj/Erth      0%         9d1       100%        6
 Death Channel            Necr           0%         N/A       100%        6
 Summon Cactus Giant      Summ           0%         N/A       100%        6
 Enfeeble                 Hex            0%         N/A       100%        7
 Haunt                    Necr/Summ      0%         N/A       100%        7
 Spellforged Servitor     Conj/Summ      0%         N/A       100%        7
 Infestation              Necr           0%         N/A       100%        8
 Lehudib's Crystal Spear  Conj/Erth      0%         10d2      100%        8

Inventory:

Missiles
 A - 4 curare-tipped darts
 B - 24 poisoned darts (quivered)
 P - 8 throwing nets
Armour
 b - a +1 plate armour of fire resistance (worn)
   (You took it off an orc warrior on level 2 of the Orcish Mines)
 g - a +0 cloak (worn)
   (You found it on level 4 of the Dungeon)
 v - the +0 pair of gloves of the Game of Life (worn) {Drain rPois Dex+4 Slay+4}
   (You found it in a Gauntlet)

   Dex+4:     It affects your dexterity (+4).
   Slay+4:    It affects your accuracy & damage with ranged weapons and melee
   (+4).
   rPois:     It protects you from poison Drain: It drains your maximum health
   when unequipped.
 L - the -1 pair of boots "Ygavydon" (worn) {rPois rC+ rN++ Dex-2}
   (You acquired it on level 2 of the Orcish Mines)

   Dex-2:     It affects your dexterity (-2).
   rC+:       It protects you from cold.
   rPois:     It protects you from poison rN++: It greatly protects you from
   negative energy.
 N - a +2 hat (worn)
   (You found it on level 9 of the Dungeon)
 W - a +0 kite shield of protection (worn)
   (You took it off a naga warrior on level 2 of the Snake Pit)
Jewellery
 e - the ring "Muod" (left hand) {Will+ Str+4 Int+2 Dex+2}
   (You found it in a Gauntlet)

   [ring of willpower]

   Str+4:     It affects your strength (+4).
   Int+2:     It affects your intelligence (+2).
   Dex+2:     It affects your dexterity (+2).
   Will+:     It increases your willpower.
 m - the ring of Pelaj {Fly Str+4}
   (You found it in a Gauntlet)

   [ring of flight]

   Str+4:     It affects your strength (+4).
   Fly:       It grants you flight.
 q - a ring of see invisible
   (You took it off a kobold on level 2 of the Dungeon)
 F - an amulet of reflection (around neck)
   (You found it on level 15 of the Dungeon)
 O - a ring of protection from fire
   (You found it on level 3 of the Shoals)
 U - a ring of protection from cold
   (You found it on level 11 of the Dungeon)
 Z - a +4 ring of protection (right hand)
   (You found it on level 3 of the Snake Pit)
Wands
 c - a wand of charming (26)
   (You found it in a treasure trove)
 o - a wand of mindburst (9)
   (You found it in a treasure trove)
 t - a wand of acid (7)
   (You found it in a treasure trove)
 u - a wand of digging (16)
   (You found it on level 8 of the Dungeon)
 J - a wand of polymorph (1)
   (You found it on level 3 of the Shoals)
 K - a wand of flame (32)
   (You found it on level 8 of the Dungeon)
 Y - a wand of roots (18)
   (You found it in a Gauntlet)
Scrolls
 d - 2 scrolls of revelation
 f - 10 scrolls of fog
 p - 4 scrolls of fear
 r - 10 scrolls of teleportation
 x - a scroll of butterflies
 D - 7 scrolls of blinking
 E - 2 scrolls of silence
 H - 3 scrolls of poison
Potions
 h - 4 potions of haste
 i - 4 potions of invisibility
 j - 10 potions of curing
 k - 6 potions of mutation
 l - 6 potions of might
 w - 4 potions of magic
 z - 3 potions of enlightenment
 C - 2 potions of ambrosia
 G - 4 potions of attraction
 I - 3 potions of berserk rage
 Q - a potion of cancellation
 T - 7 potions of heal wounds
Miscellaneous
 a - a sack of spiders (inert)
   (You found it on level 4 of the Shoals)
 n - a phial of floods
   (You found it in a Gauntlet)
 M - a condenser vane (inert)
   (You bought it in a shop on level 2 of the Orcish Mines)

Dungeon Overview and Level Annotations

Branches:
Dungeon (15/15)            Temple (0/1) D:4            Lair (5/5) D:11
 Shoals (4/4) Lair:3        Snake (4/4) Lair:3        Slime (0/5) Lair:5
    Orc (2/2) D:11            Elf (1/3) Orc:2        Bailey (visited)
  IceCv (visited)         Gauntlet (visited)
 Vaults: D:13-14     Depths: D:15

Altars:
Gozag
Kikubaaqudgha
Xom
Yredelemnul
Beogh
Jiyva

Shops:
D:3 *   D:13 :=?   Orc:1 ?   Orc:2 *(*:(   Elf:1 =:=   Snake:1 =   Snake:2 *
Snake:3 *   Snake:4 [

Portals:
Pandemonium: Orc:2

.# #.# ##+###### #.# ##
##..?....# #.# ##.
##.....o..# #.# ##..
#..)..eooo#####.# ##...
#.....)@oo'oo.o.# #o...
#....>{§o#####..####....
#.......## #..o..'....
##./...## #.##.##....
##...# #.##o###... ##.#
####o# ###. ##
♣♣♣♣o♣♣♣♣#.


♣PPoooPP♣#. ♣P..⌠ooP♣#. You could see a deep elf zephyrmancer (ally target), the
friendly Norbak the orc warlord (burning), 2 friendly orc knights, the friendly
Berold the orc knight (strong), the friendly Zorug the orc knight (strong), 2
friendly orc warriors and 3 friendly orc priests.


Message History

The bolt hits the deep elf archer!!
The deep elf archer hits you but does no damage.
Your orc knight barely misses the deep elf archer.
Unknown command.
You reach into the sack... ...and things crawl out!
The two-headed ogre is caught in a web!
The orc knight evades a web.
The orc knight is caught in a web! x2; The orc priest is caught in a web!
The deep elf zephyrmancer evades a web.
The deep elf pyromancer evades a web.
The deep elf archer evades a web.
The deep elf archer is caught in a web!
The sack is emptied!
The deep elf archer gestures wildly while chanting.
The deep elf archer blinks!
You block the deep elf archer's attack.
The deep elf pyromancer casts a spell.
The deep elf pyromancer blinks!
The deep elf pyromancer barely misses your scorpion.
The orc warrior hits your culicivora but does no damage.
The orc knight roars a battlecry!
The orc knight goes into a battle-frenzy!
The fire elemental hits your scorpion. The fire elemental burns your scorpion!
The deep elf archer hits you but does no damage.
Unknown command.
You pummel the deep elf archer!!
You kill the deep elf archer!
Beogh accepts your kill.
The deep elf archer hits you with a +0 short sword.
The orc knight tears the web.
The deep elf pyromancer closely misses your scorpion.
The orc priest struggles to get unstuck from the web.
The two-headed ogre struggles to get unstuck from the web.
The deep elf pyromancer mumbles some strange words.
The fire elemental closely misses your scorpion.
Your culicivora bites the deep elf archer.
Your culicivora draws strength from the deep elf archer's injuries!
Your jumping spider closely misses the fire elemental.
Your jumping spider bites the fire elemental!
Your culicivora bites the deep elf archer!!
The deep elf archer dies!
Beogh accepts your kill.
You hit the orc knight.
The orc knight is lightly wounded.
The orc knight no longer looks unusually strong.
Your scorpion is engulfed in blazing flames.
Your scorpion dies!
Your scorpion's corpse disappears in a puff of smoke!
Norbak unwields a +0 arbalest.
Norbak wields a +5 glaive of flaming.
It bursts into flame!
Norbak hits the deep elf zephyrmancer with a +5 glaive of flaming!!
Norbak burns the deep elf zephyrmancer!
The deep elf zephyrmancer dies!
Beogh accepts your kill.
Your culicivora bites the deep elf archer!
Your culicivora draws strength from the deep elf archer's injuries!
Your culicivora bites the orc knight!
Your culicivora draws strength from the orc knight's injuries!
Your jumping spider pounces on the fire elemental.
Your jumping spider bites the fire elemental.
The orc priest tears the web.
The deep elf zephyrmancer gestures at you while chanting.
The bolt of lightning hits the deep elf pyromancer!!!
The bolt of lightning hits you!!
The bolt of lightning hits Zorug!!
The bolt of lightning hits Zorug!
The bolt of lightning hits Norbak!!
The orc knight roars a battlecry!
The orc knight goes into a battle-frenzy!
The orc knight tears the web.
The deep elf pyromancer hits your jumping spider but does no damage.
The two-headed ogre struggles to get unstuck from the web.
You hear a shout! x7
You pummel the deep elf pyromancer!!
You kill the deep elf pyromancer!
Beogh accepts your kill.
Your culicivora bites the orc knight but does no damage.
Your jumping spider pounces on the deep elf pyromancer!
Your jumping spider bites the deep elf pyromancer.
Norbak unwields a +5 glaive of flaming.
It stops flaming.
Norbak wields a +0 arbalest.
Norbak shoots a bolt.
The bolt hits the orc knight!
The fire elemental hits you.
Unknown command.
Press: ? - help, v - describe, . - travel, g - get item
Here: an orc knight, wielding a +0 war axe and wearing a +0 plate armour (moderately wounded, strong, ally target)
Items here: )) [ †.
The floor, spattered with blood.
Unknown command.
You closely miss the orc knight.
The orc knight is moderately wounded.
Your culicivora misses the orc knight.
The orc priest mumbles some strange prayers to Beogh against you.
Beogh smites you!
The orc knight hits you with a +0 war axe.
The orc knight barely misses your jumping spider.
The orc knight closely misses your culicivora.
The deep elf pyromancer casts a spell.
The deep elf pyromancer blinks!
The deep elf archer misses your culicivora.
The two-headed ogre tears the web.
The orc knight hits your culicivora with a +0 great mace!
Your culicivora bites the orc knight!
Your culicivora draws strength from the orc knight's injuries!
Your jumping spider barely misses the orc knight.
Your jumping spider bites the orc knight but does no damage.
You block the fire elemental's attack.
Your orc knight hits the orc knight from afar with a +0 halberd.
You pummel the orc knight!!
The orc knight is almost dead.
The orc knight no longer looks unusually strong.
Your culicivora chitters at your culicivora.
Your culicivora's wounds heal themselves!
Your culicivora bites the fire elemental.
Your jumping spider pounces on the orc knight.
The orc knight is caught in a web!
Your jumping spider bites the orc knight but does no damage.
The deep elf zephyrmancer points at you and mumbles some strange words.
The bolt of lightning hits your culicivora!!
The bolt of lightning hits you!
The bolt of lightning misses Norbak.
The deep elf archer unwields a +0 dagger.
The deep elf archer wields a +0 longbow.
The deep elf archer shoots an arrow.
The arrow hits your culicivora!!
The orc knight roars a battlecry!
The orc knight goes into a battle-frenzy!
The orc knight tears the web.
The orc knight hits your culicivora with a +0 great mace!!
Your culicivora dies!
Your culicivora's corpse disappears in a puff of smoke!
You hear a shout!
You pummel the orc knight!!
The orc knight falls to its knees.
It shouts, "I'll follow you!
Let me live!"
The fire elemental hits you. The fire elemental burns you! You resist.
Your culicivora bites the deep elf archer!
Your culicivora draws strength from the deep elf archer's injuries!
Your jumping spider pounces on the fire elemental!!
The fire elemental is destroyed!
The fire elemental disappears in a puff of smoke!
Unknown command.
Unknown command.
Aiming: Fastroot
Press: ? - help, Shift-Dir - straight line, f - orc knight
Aim: an orc knight, wielding a +0 great mace and wearing a +0 chain mail (blue smoke, strong)
The roots erupt in riotous growth!
Roots grab the orc knight.
The fire elemental is unaffected.
Roots grab the deep elf archer.
Roots grab the deep elf zephyrmancer.
Roots grab the deep elf pyromancer.
Roots grab the two-headed ogre.
Roots grab the orc knight.
The grasping roots constrict the two-headed ogre!
The grasping roots constrict the orc knight!
The grasping roots constrict the orc knight.
The grasping roots constrict the deep elf zephyrmancer!
The grasping roots constrict the deep elf archer!
The grasping roots constrict the deep elf pyromancer.
Your culicivora closely misses the deep elf archer.
The two-headed ogre struggles to escape constriction.
The deep elf pyromancer evades a web.
The fire elemental passes through a web.
The deep elf pyromancer casts a spell.
The deep elf pyromancer blinks free!
The deep elf zephyrmancer gestures wildly while chanting.
The deep elf zephyrmancer struggles to blink free from constriction.
The deep elf archer gestures wildly while chanting.
The deep elf archer blinks free!
The orc knight struggles to escape constriction.
You block the orc knight's attack.
The orc knight hits Norbak with a +0 battleaxe!
The orc knight closely misses your culicivora.
Zorug blocks the orc knight's attack.
The deep elf archer shoots an arrow.
The arrow barely misses your culicivora.
The arrow hits the orc knight!!!
Your orc knight hits the orc knight from afar with a +0 halberd!
The orc knight dies!
Beogh accepts your kill.
Zorug hits the deep elf zephyrmancer from afar with a +3 trident of draining!!
Zorug drains the deep elf zephyrmancer!
The deep elf zephyrmancer dies!
Beogh accepts your kill.
Found a stone staircase leading down.
The grasping roots constrict the two-headed ogre!
The grasping roots constrict the orc knight!
The orc warrior no longer looks unusually strong.
Your jumping spider pounces on the fire elemental!
Your jumping spider barely misses the fire elemental.
The fire elemental misses your jumping spider.
The two-headed ogre struggles to escape constriction.
The deep elf pyromancer casts a spell.
The deep elf pyromancer blinks!
The orc priest calls upon Beogh to heal the orc knight.
The orc knight is healed somewhat.
The deep elf archer is caught in a web!
The orc knight barely misses your jumping spider.
The deep elf archer unwields a +0 longbow.
The deep elf archer wields a +0 dagger.
The deep elf archer hits Norbak with a +0 dagger.
Your culicivora bites the orc warrior!
Your culicivora draws strength from the orc warrior's injuries!
Your jumping spider closely misses the fire elemental.
Your jumping spider misses the fire elemental.
The fire elemental hits your jumping spider.
The fire elemental burns your jumping spider!
Zorug hits the orc knight from afar with a +3 trident of draining!
You hit the orc knight.
The orc knight is heavily wounded.
The grasping roots constrict the two-headed ogre!
The grasping roots constrict the orc knight!
The roots release their grip on the two-headed ogre.
The orc knight roars a battlecry!
The orc warrior goes into a battle-frenzy!
The deep elf pyromancer mumbles some strange words.
The deep elf pyromancer blinks!
Your culicivora bites the orc warrior.
Your culicivora draws strength from the orc warrior's injuries!
The deep elf archer struggles to get unstuck from the web.
Your orc knight hits the fire elemental with a +0 war axe!!
The fire elemental is destroyed!
The fire elemental disappears in a puff of smoke!
The orc warrior closely misses you.
The orc warrior hits your culicivora with a +0 war axe!
The orc warrior hits Norbak with a +0 war axe.
The orc warrior barely misses Zorug.
The orc warrior closely misses your orc knight.
You block the orc knight's attack.
Your jumping spider pounces on the orc knight.
The orc knight is caught in a web!
Your jumping spider completely misses the orc knight.
The deep elf archer hits Norbak with a +0 dagger.
Your orc knight hits the orc knight from afar with a +0 halberd!
You punch the orc knight!
You kill the orc knight!
Beogh accepts your kill.
The orc priest no longer looks unusually strong.
Your culicivora misses the orc warrior.
Norbak unwields a +0 arbalest.
Norbak wields a +5 glaive of flaming.
It bursts into flame!
Norbak misses the deep elf archer.
Zorug misses the orc warrior.
Your jumping spider pounces on the fire elemental but does no damage.
Your jumping spider bites the fire elemental.
The deep elf pyromancer mumbles some strange words.
The deep elf pyromancer blinks!
The deep elf archer struggles to get unstuck from the web.
The orc knight hits you but does no damage.
The orc knight hits Norbak but does no damage.
Your orc knight hits the fire elemental with a +0 war axe!
The orc warrior hits you with a +0 war axe!
The orc warrior hits your orc knight with a +0 war axe.
The orc warrior hits your culicivora with a +0 war axe!
The orc warrior hits Norbak but does no damage.
The orc warrior hits Zorug but does no damage.
A water elemental comes into view.
The deep elf archer mumbles some strange words.
The deep elf archer blinks!
You block the fire elemental's attack.
The deep elf archer hits Norbak but does no damage.
You pummel the orc priest!!
You kill the orc priest!
Beogh accepts your kill.
Beogh appreciates your killing of a heretic priest.
Your culicivora barely misses the orc warrior.
Your jumping spider pounces on the fire elemental but does no damage.
Your jumping spider bites the fire elemental.
Your orc knight hits the orc warrior with a +0 halberd!
The orc warrior dies!
Beogh accepts your kill.
Zorug hits the deep elf archer from afar with a +3 trident of draining!!!
The deep elf archer dies!
Beogh accepts your kill.
Norbak hits the orc knight with a +5 glaive of flaming!!!
Norbak burns the orc knight!
You block the fire elemental's attack.
The deep elf archer struggles to get unstuck from the web.
The orc knight hits Norbak with a +0 war axe!
The orc knight misses you.
The deep elf pyromancer mumbles some strange words.
The deep elf pyromancer blinks!
Your orc knight hits the fire elemental with a +0 war axe!
You hear a shout!
You pummel the two-headed ogre like a punching bag!!!
You kill the two-headed ogre!
Beogh accepts your kill.
Your jumping spider pounces on the fire elemental!
The fire elemental is destroyed!
The fire elemental disappears in a puff of smoke!
Your orc knight hits the orc knight from afar with a +0 halberd!!
The orc knight dies!
Beogh accepts your kill.
Beogh blesses Berold with healing.
Unknown command.
Unknown command.
The orc warrior falls on its knees before you.
An orc warrior comes into view. It is wielding a +0 mace.
Zorug no longer looks unusually strong.
Your culicivora chitters at your jumping spider.
Your jumping spider is healed somewhat.
Zorug hits the deep elf pyromancer from afar with a +3 trident of draining!!
Norbak roars a battlecry!
Zorug goes into a battle-frenzy!
The deep elf archer struggles to get unstuck from the web.
You block the deep elf pyromancer's attack.
Your orc warrior hits something with a +0 mace!
The deep elf archer unwields a +0 dagger.
The deep elf archer wields a +0 shortbow.
The deep elf archer shoots an arrow.
The arrow hits you. Something hits your orc warrior!
Something drains your orc warrior.
Your culicivora barely misses the deep elf pyromancer.
Berold hits the deep elf pyromancer from afar with a +0 halberd!!
The deep elf pyromancer dies!
Beogh accepts your kill.
Things that are here:
a +0 war axe; a +0 chain mail; a +0 rapier Unknown command.
The orc warrior relaxes its fighting stance and smiles at you.
It says, "I'm so glad you are here now."
An orc warrior and a +3 short sword of draining come into view.
The +3 short sword of draining barely misses your orc warrior.
The deep elf archer struggles to get unstuck from the web.
Your orc warrior closely misses the +3 short sword of draining.
Your orc warrior hits something with a +0 battleaxe.
Your orc warrior completely misses the +3 short sword of draining.
Your orc knight roars a battlecry!
Your orc warrior goes into a battle-frenzy!
The deep elf archer unwields a +0 shortbow.
The deep elf archer wields a +0 dagger.
The deep elf archer hits you but does no damage.
Your jumping spider pounces on the deep elf archer!
Your jumping spider bites the deep elf archer.
The +3 short sword of draining barely misses your orc warrior.
Unknown command.
Unknown command.
You pummel the deep elf archer!!
The deep elf archer is almost dead.
Norbak no longer looks unusually strong.
Your jumping spider closely misses the deep elf archer.
Your jumping spider bites the deep elf archer but does no damage.
The deep elf pyromancer barely misses your jumping spider.
The deep elf archer struggles to get unstuck from the web.
The deep elf pyromancer mumbles some strange words.
Norbak hits the deep elf archer from afar with a +5 glaive of flaming!!
Norbak burns the deep elf archer.
The deep elf archer dies!
Beogh accepts your kill.
Your orc warrior completely misses the +3 short sword of draining.
Your orc warrior hits the deep elf pyromancer with a +0 battleaxe!
Your orc knight roars a battlecry!
Norbak goes into a battle-frenzy!
Unknown command.
You punch the water elemental!
The water elemental is moderately damaged.
Your jumping spider closely misses the deep elf pyromancer.
Your jumping spider bites the deep elf pyromancer.
The deep elf pyromancer hits your jumping spider but does no damage.
The deep elf archer tears the web.
Norbak hits the water elemental from afar with a +5 glaive of flaming!!!
Norbak burns the water elemental!
The water elemental is destroyed!
Beogh accepts your kill.
The shard of ice hits your orc warrior!!!
Your orc warrior dies!
Unknown command.
Your jumping spider pounces on the deep elf pyromancer but does no damage.
Your jumping spider closely misses the deep elf pyromancer.
Berold hits the deep elf pyromancer from afar with a +0 halberd!
Your culicivora barely misses the deep elf pyromancer.
Your jumping spider misses the deep elf pyromancer.
Your jumping spider closely misses the deep elf pyromancer.
The deep elf pyromancer barely misses your jumping spider.
The deep elf pyromancer mumbles some strange words.
The deep elf pyromancer blinks!
Things that are here:
a +0 dagger; a +0 shortbow; a +0 leather armour Unknown command.
Unknown command.
You punch the deep elf pyromancer!
The deep elf pyromancer is almost dead.
You block the +3 short sword of draining's attack.
Your culicivora barely misses the deep elf pyromancer.
Berold hits the deep elf pyromancer from afar with a +0 halberd!!
The deep elf pyromancer dies!
Beogh accepts your kill.
Unknown command.
Unknown command.
You hit the +3 short sword of draining but do no damage.
The +3 short sword of draining is moderately damaged.
Your orc knight no longer looks unusually strong.
Berold no longer looks unusually strong.
The +3 short sword of draining hits you but does no damage.
You partially resist.
Your culicivora barely misses the deep elf archer.
Norbak roars a battlecry!
Your orc knights go into a battle-frenzy!
An orc warrior comes into view. It is wielding a +0 halberd.
The orc warrior stares at you in amazement and kneels.
The deep elf archer hits your jumping spider with a +0 short sword!
Your jumping spider pounces on the deep elf archer!
Your jumping spider barely misses the deep elf archer.
You block the +3 short sword of draining's attack.
Unknown command.
You punch the +3 short sword of draining!
The +3 short sword of draining is almost destroyed.
Your culicivora chitters at your jumping spider.
Your jumping spider is healed somewhat.
Zorug hits the deep elf archer from afar with a +3 trident of draining!
Your jumping spider completely misses the deep elf archer.
Your jumping spider bites the deep elf archer.
The +3 short sword of draining hits you but does no damage.
You partially resist. Something hits your orc warrior!
Your orc knight misses the +3 short sword of draining.
The deep elf archer hits your jumping spider with a +0 short sword!!
Your orc warrior hits the +3 short sword of draining with a +0 mace!
The +3 short sword of draining falls from the air.
Beogh accepts your kill.
Your orc warrior looks more experienced.
Unknown command.
A deep elf knight comes into view. It is wielding a +0 short sword.
The fire elemental hits you. The fire elemental burns you! You resist.
Your culicivora chitters at your jumping spider.
Your jumping spider is healed somewhat.
Your jumping spider closely misses the deep elf archer.
Your jumping spider bites the deep elf archer but does no damage.
Berold roars a battlecry!
Your orc warrior goes into a battle-frenzy!
Zorug hits the deep elf archer from afar with a +3 trident of draining!
The deep elf archer unwields a +0 short sword.
The deep elf archer wields a +0 shortbow of draining.
You sense an unholy aura.
The deep elf archer shoots an arrow.
The arrow hits your culicivora!!
Your culicivora dies!
Your culicivora's corpse disappears in a puff of smoke!
Your orc warrior misses the deep elf pyromancer.
Your orc warrior hits the fire elemental with a +0 mace!
Norbak hits the fire elemental from afar with a +5 glaive of flaming!!!
The fire elemental is destroyed!
The fire elemental disappears in a puff of smoke!
You see here a +3 short sword of draining.
You swap places.
Your jumping spider misses the deep elf archer.
Your jumping spider barely misses the deep elf archer.
Berold hits the deep elf archer from afar with a +0 halberd!!!
The deep elf archer dies!
Beogh accepts your kill.
Berold looks more experienced.
An orc warrior comes into view. It is wielding a +0 halberd.
The orc warrior stares at you in amazement and kneels.
It shouts, "I'll follow thee gladly!"
You barely miss the deep elf pyromancer.
The deep elf pyromancer is moderately wounded.
You pummel the deep elf pyromancer!!
The deep elf pyromancer is almost dead.
The deep elf knight mumbles some strange words.
The deep elf knight flickers and vanishes!
Deactivating autopickup; reactivate with Ctrl-A.
The deep elf pyromancer casts a spell.
Your orc warrior closely misses the deep elf pyromancer.
Your jumping spider pounces on the deep elf pyromancer!
The deep elf pyromancer dies!
Beogh accepts your kill.
The fire elemental disappears in a puff of smoke! x2
You hear some strange, mumbled words.
A shard of ice appears from out of thin air!
The shard of ice hits you!! You partially resist.
You swap places.
You barely miss something. Something hits you but does no damage.
You punch something! Something hits you but does no damage.
You pummel something!! You hit something.
Something hits you but does no damage.
You punch something! Beogh accepts your kill.
Reactivating autopickup.
You feel a bit more experienced.
A deep elf pyromancer comes into view. It is wielding a +0 rapier.
The deep elf pyromancer shouts!
Norbak no longer looks unusually strong.
Things that are here:
a +0 short sword; 13 gold pieces; an elf corpse An orc knight comes into view.
It is wielding a +0 great sword.
Your jumping spider disappears in a puff of smoke!
You closely miss the deep elf pyromancer.
Your orc warrior no longer looks unusually strong.
Zorug barely misses the deep elf pyromancer.
You completely miss the deep elf pyromancer.
Zorug no longer looks unusually strong.
You block the deep elf pyromancer's attack.
Norbak roars a battlecry!
Your orcs go into a battle-frenzy!
Your orc warrior hits the deep elf pyromancer from afar with a +0 halberd!!
Berold roars a battlecry!
Norbak goes into a battle-frenzy!
You closely miss the deep elf pyromancer.
The deep elf pyromancer is severely wounded.
Your orc knight no longer looks unusually strong.
Zorug roars a battlecry!
Your orc knight goes into a battle-frenzy!
Norbak hits the deep elf pyromancer from afar with a +5 glaive of flaming!!
Norbak burns the deep elf pyromancer.
The deep elf pyromancer dies!
Beogh accepts your kill.
Beogh blesses Norbak with healing.
The orc knight unwields a +0 great sword.
The orc knight wields a +0 arbalest.
The orc knight shoots a bolt.
The bolt hits you but does no damage.
The orc knight shoots a bolt.
The bolt hits your orc warrior.
Your orc warrior hits the orc knight with a +0 mace!
The orc knight shoots a bolt.
The bolt hits your orc warrior!
Your orc warrior seems less drained.
Berold no longer looks unusually strong.
Your orc warrior no longer looks unusually strong.
The orc knight unwields a +0 arbalest.
The orc knight wields a +0 great sword.
The orc knight hits Zorug with a +0 great sword!
Zorug roars a battlecry!
Your orcs go into a battle-frenzy!
Your orc warrior hits the orc knight with a +0 mace.
The orc knight unwields a +0 great sword.
The orc knight wields a +0 arbalest.
The orc knight shoots a bolt.
The bolt closely misses Zorug.
You block the bolt with an invisible shield... and reflect it back!
Zorug blocks the bolt.
Zorug hits the orc knight with a +3 trident of draining.
Your orc warrior closely misses the orc knight.
The orc knight shoots a bolt.
The bolt misses Zorug.
The bolt hits you!
Zorug hits the orc knight with a +3 trident of draining!!
Zorug drains the orc knight.
Your orc warrior hits the orc knight with a +0 mace!
The orc knight unwields a +0 arbalest.
The orc knight wields a +0 great sword.
The orc knight closely misses your orc warrior.
Zorug hits the orc knight with a +3 trident of draining!!
The orc knight dies!
Beogh accepts your kill.
You swap places.
An orc warrior comes into view. It is wielding a +0 long sword.
The orc warrior stares at you quizzically.
Your orc knight no longer looks unusually strong.
An orc priest comes into view. It is wielding a +0 whip.
The orc priest stares at you in amazement and kneels.
Your orc priest calls upon Beogh to heal your orc knight.
Your orc knight is healed somewhat.
You hear a shout!
Your orc warrior hits the orc warrior with a +0 mace.
Your orc warrior no longer looks unusually strong.
Zorug no longer looks unusually strong.
Norbak no longer looks unusually strong.
Your orc warrior barely misses the orc warrior.
The orc warrior barely misses your orc warrior.
The orc warrior barely misses Norbak.
Your orc knight roars a battlecry!
Your orcs go into a battle-frenzy!
Zorug roars a battlecry!
Your orc knight goes into a battle-frenzy!
The orc warrior hits Norbak with a +0 long sword!
An orc priest comes into view. It is wielding a +0 dagger.
The orc priest relaxes its fighting stance and smiles at you.
It shouts, "I'll follow thee gladly!"
Beogh accepts your kill.
Beogh blesses a follower with healing.
You feel a bit more experienced.
Berold hits the orc warrior from afar with a +0 halberd!
Zorug hits the orc warrior with a +3 trident of draining!
Zorug drains the orc warrior.
Your orc warrior hits the orc warrior with a +0 mace!
The orc warrior dies!
Beogh accepts your kill.
Your orc warrior looks more experienced.
Something barely misses your orc priest.
Your orc priest hits something with a +0 whip.
Things that are here:
a +0 rapier; a +3 ring mail; an elf corpse Your orc warrior no longer looks unusually strong.
Berold no longer looks unusually strong.
Norbak roars a battlecry!
Your orcs go into a battle-frenzy!
Something hits your orc priest!!
Your orc priest dies!
Something hits your orc knight. What are your orders? t - Shout!
Orders for allies: a - Attack new target. r - Retreat! s - Stop attacking. g - Guard the area. f - Follow me.
Anything else - Cancel.
Follow me!
An orc warrior comes into view. It is wielding a +0 battleaxe.
The orc warrior stares at you in amazement and kneels.
An orc priest comes into view. It is wielding a +0 mace.
The orc priest barely misses your orc knight.
What are your orders? t - Shout!
Orders for allies: a - Attack new target. r - Retreat! s - Stop attacking. g - Guard the area. f - Follow me.
Anything else - Cancel.
Gang up on whom?
Press: ? - help, Dir - move target, f - orc priest
Aim: an orc priest, wielding a +0 mace Attack!
Norbak roars a battlecry!
Your orc warrior goes into a battle-frenzy!
Berold barely misses the orc priest.
Your orc knight hits the orc priest with a +0 war axe!!
The orc priest dies!
Beogh accepts your kill.
Beogh appreciates your killing of a heretic priest.
Your orc warrior writhes in agony!
Unknown command.
What are your orders? t - Shout!
Orders for allies: a - Attack new target. r - Retreat! s - Stop attacking. g - Guard the area. f - Follow me.
Anything else - Cancel.
Follow me!
An orc priest comes into view. It is wielding a +0 hand axe.
The orc priest relaxes its fighting stance and smiles at you.
Unknown command.
You swap places.
Your orc knight no longer looks unusually strong.
Zorug no longer looks unusually strong.
Things that are here:
a +0 rapier; a +3 ring mail; an elf corpse Your orc warrior no longer looks unusually strong. x2
Items here: )))) [[ ††.
You see here a +0 rapier.
Your orc priest no longer looks unusually strong.
Norbak no longer looks unusually strong.
Items here: )) [[ †.
Berold no longer looks unusually strong.
Your orc warrior no longer looks unusually strong.
You swap places.
There is a staircase back to the Mines here.
You climb upwards.
Welcome back to the Orcish Mines!
There is a staircase to the Elven Halls here.
You start resting.
Your orc priest shouts, "Orcs kill for Beogh, Orcs die for Beogh!"
HP restored.
You climb downwards.
Welcome back to the Elven Halls!
There is a staircase back to the Mines here.
You swap places.
You swap places.
Select a follower to give a gift to.
Press: ? - help, Dir - move target, f - Berold
Aim: Berold the orc knight, wielding a +0 halberd and wearing a +0 scale mail (friendly)
The floor.
Okay, then.
Unknown command.
You now have 3095 gold pieces (gained 14).
Things that are here:
a +1 plate armour of poison resistance; a +0 long sword; an orc skeleton
Items here: )) [[ ÷.
Items here: ))))) [[[[.
Things that are here:
a +0 rapier; a +0 chain mail; a +0 war axe
Things that are here:
a +0 leather armour; a +0 dagger; a +0 shortbow You see here a +3 short sword of draining.
Things that are here:
a +3 ring mail; a +0 rapier; an elf skeleton
Things that are here:
a +0 plate armour; a +0 long sword You now have 3108 gold pieces (gained 13).
Things that are here:
a +0 short sword; an elf skeleton Search for what [Enter for "polearm", or ? for help]? elf Unknown command.
Things that are here:
a +0 chain mail; a +0 great sword; a +0 arbalest An orc priest comes into view.
It is wielding a +0 hand axe.
The orc priest relaxes its fighting stance and smiles at you.
It says, "I'm so glad you are here now."
A bolt appears from out of your range of vision.
The bolt closely misses your orc priest.
The orc knight falls on its knees before you.
It shouts, "I'll follow thee gladly!"
An orc knight comes into view. It is wielding a +0 arbalest.
Found a +0 plate armour.
You swap places.
Found a book of Hexes.
An orc warrior comes into view. It is wielding a +0 trident.
You block the orc warrior's attack.
Found a roughly hewn altar of Beogh.
The orc warrior hits you but does no damage.
You punch the orc warrior!
The orc warrior is moderately wounded.
You block the orc warrior's attack.
Your orc knight roars a battlecry!
Your orcs go into a battle-frenzy!
Norbak hits the orc warrior from afar with a +5 glaive of flaming!!!
Norbak burns the orc warrior.
The orc warrior dies!
Beogh accepts your kill.
You now have 3121 gold pieces (gained 13).
Things that are here:
a +0 trident; a +0 chain mail; an orc corpse Unknown command.
Zorug says, "Beogh doesn't mind all this killing, you know."
You swap places.
Things that are here:
a +0 plate armour; a +0 halberd You swap places.
You swap places.
There is an open door here.
Found a scroll of noise.
You pick up a book of Hexes and begin reading...
You add the spells Cause Fear and Enfeeble to your library.
Unknown command.
You swap places.
There is an open door here.
You swap places.
Your orc priest no longer looks unusually strong.
You swap places.
Your orc warrior no longer looks unusually strong.
Your orc priest no longer looks unusually strong.
Berold no longer looks unusually strong.
Things that are here:
a +0 plate armour; a +0 war axe Zorug no longer looks unusually strong.
Your orc knight no longer looks unusually strong.
Your orc warrior no longer looks unusually strong.
Norbak no longer looks unusually strong.
Your orc warrior no longer looks unusually strong.
Your orc priest no longer looks unusually strong.
You open the large door.
There is a large open door here.
You swap places.
You swap places.
Items here: )))) [[ ÷÷.
As you open the large door, it creaks loudly!
There is a large open door here.
There is an open door here.
You see here a +0 dagger.
You swap places.
You see here a +0 long sword.
You open the door.
You swap places.
There is an open door here.
You swap places.
A +4 dire flail of protection comes into view.
The +4 dire flail of protection barely misses you.
You pummel the +4 dire flail of protection!!
The +4 dire flail of protection is severely damaged.
Your orc priest begins to cast a cantrip, but forgets the words!
The +4 dire flail of protection hits you but does no damage.
You miss the +4 dire flail of protection.
The +4 dire flail of protection is severely damaged.
The +4 dire flail of protection hits you.
Berold roars a battlecry!
Your orcs go into a battle-frenzy!
You closely miss the +4 dire flail of protection.
The +4 dire flail of protection is severely damaged.
Your orc knight roars a battlecry!
Berold goes into a battle-frenzy!
The +4 dire flail of protection hits you!
You hit the +4 dire flail of protection.
The +4 dire flail of protection is severely damaged.
You block the +4 dire flail of protection's attack.
You pummel the +4 dire flail of protection!!
The +4 dire flail of protection falls from the air.
Beogh accepts your kill.
You see here a +4 dire flail of protection.
Your orc priest no longer looks unusually strong.
Zorug no longer looks unusually strong.
Norbak no longer looks unusually strong.
You open the door.
A deep elf archer comes into view. It is wielding a +0 dagger.
Berold no longer looks unusually strong.
The deep elf archer unwields a +0 dagger.
The deep elf archer wields a +0 longbow.
The deep elf archer shoots an arrow.
The arrow hits you!
Found a book of Death.
Found 4 stones.
Berold roars a battlecry!
Your orcs go into a battle-frenzy!
The deep elf archer shoots an arrow.
You block the arrow with an invisible shield... and reflect it back!
The arrow barely misses the deep elf archer.
There is an open door here.
The deep elf archer shoots an arrow.
The arrow hits you!!
Your orc knight no longer looks unusually strong.
The deep elf archer mumbles some strange words.
The deep elf archer blinks!
The deep elf archer shoots an arrow.
The arrow hits you.
The deep elf archer shoots an arrow.
The arrow hits you but does no damage.
The deep elf archer shoots an arrow.
The arrow hits you!
The deep elf archer shoots an arrow.
You block the arrow with an invisible shield... and reflect it back!
The arrow closely misses the deep elf archer.
The deep elf archer unwields a +0 longbow.
The deep elf archer wields a +0 dagger.
You block the deep elf archer's attack.
You miss the deep elf archer. You hit the deep elf archer.
The deep elf archer is lightly wounded.
You block the deep elf archer's attack.
You beat the deep elf archer into a bloody pulp!!!
The deep elf archer is almost dead.
Berold closely misses the deep elf archer.
The deep elf archer gestures wildly while chanting.
The deep elf archer blinks!
Your orc knight roars a battlecry!
Your orc knights go into a battle-frenzy!
Norbak unwields a +5 glaive of flaming.
It stops flaming.
Norbak wields a +0 arbalest.
Norbak shoots a bolt.
The bolt barely misses the deep elf archer.
Berold roars a battlecry!
Your orc knight goes into a battle-frenzy!
Your orc knight unwields a +0 arbalest.
Your orc knight wields a +0 long sword.
Your orc knight hits the deep elf archer with a +0 long sword!!!
The deep elf archer dies!
Beogh accepts your kill.
You pick up a book of Death and begin reading...
You add the spells Haunt and Infestation to your library.
You swap places.
You swap places.
You start resting.
Zorug no longer looks unusually strong.
Norbak no longer looks unusually strong.
Your orc warrior no longer looks unusually strong. x2
Your orc knight no longer looks unusually strong.
Your orc priest no longer looks unusually strong. x2
Berold no longer looks unusually strong.
Your orc warrior no longer looks unusually strong.
Your orc knight no longer looks unusually strong.
Your orc knight lets loose a series of foul curses in Beogh's name.
HP restored.
You swap places.
You open the door.
There is an open door here.
You swap places.
You swap places.
You swap places.
As you open the door, it creaks loudly!
There is an open door here.
You open the door.
There is an open door here.
You swap places.
You swap places.
You swap places.
You swap places.
You open the large door.
Found a robe and a chain mail.
There is a large open door here.
You swap places.
You open the door.
There is an open door here.
Found Faeginesu's Book Emporium.
Found Vaitwax's Jewellery Shop and Tirhuq's Jewellery Shop.
There is an empty arch of ancient stone here.
There is an entrance to Tirhuq's Jewellery Shop here.
Unknown command.
There is an entrance to Faeginesu's Book Emporium here.
There is an entrance to Vaitwax's Jewellery Shop here.
Unknown command.
You swap places.
You swap places.
Your orc warrior hits the plant with a +0 halberd!!
The plant begins to die.
You swap places.
There is an empty arch of ancient stone here.
You swap places.
Zorug hits something with a +3 trident of draining!
You swap places.
Your orc priest hits something with a +0 whip.
You swap places.
Your orc priest hits something with a +0 whip.
Your orc priest hits something with a +0 whip.
Search for what [Enter for "elf", or ? for help]? relec Unknown command.
You open the door.
A deep elf zephyrmancer comes into view.
It is wielding a +0 dagger.
The deep elf zephyrmancer gestures at you while chanting.
The bolt of lightning hits you.
The bolt of lightning hits your orc warrior!!
You hear a shout! x3
Found a scroll of noise.
Found a stone staircase leading down.
A deep elf knight comes into view. It is wielding a +0 scimitar.
Found a wand of roots (4).
The deep elf knight shouts!
The deep elf knight gestures wildly while chanting.
The deep elf knight seems to speed up.
A deep elf knight comes into view. It is wielding a +0 long sword.
A deep elf zephyrmancer comes into view.
It is wielding a +0 rapier.
There is an open door here.
A deep elf pyromancer comes into view. It is wielding a +0 dagger.
The deep elf zephyrmancer casts a spell.
The deep elf zephyrmancer blinks!
The deep elf pyromancer casts a spell.
The deep elf pyromancer blinks!
The deep elf zephyrmancer casts a spell at you.
The bolt of lightning hits you!! The bolt of lightning misses you.
The bolt of lightning hits the deep elf zephyrmancer!
The deep elf knight gestures wildly while chanting.
The deep elf knight seems to speed up.
You pummel the deep elf zephyrmancer!!
The deep elf zephyrmancer is almost dead.
The deep elf knight gestures at you while chanting.
You block the shard of ice... and reflect it back!
The shard of ice hits the deep elf knight!!!
The deep elf zephyrmancer gestures at you while chanting.
The bolt of lightning hits you!! The bolt of lightning misses you.
The bolt of lightning hits the deep elf zephyrmancer!!!
The deep elf zephyrmancer dies!
The deep elf knight barely misses you.
The deep elf knight points at you and mumbles some strange words.
The lance of force hits you.
You are knocked back by the lance of force.
You collide with your orc warrior!
Your orc warrior is heavily wounded.
The deep elf knight gestures wildly while chanting.
The deep elf knight flickers and vanishes!
Deactivating autopickup; reactivate with Ctrl-A.
Things that are here:
a +0 dagger; a +0 leather armour; an elf corpse You punch something!
The deep elf knight blocks your orc warrior's attack.
Something hits you.
The deep elf knight mumbles some strange words.
The deep elf knight flickers and vanishes!
Unknown command.
You hit something but do no damage.
You hear some strange, mumbled words.
A shard of ice appears from out of thin air!
The shard of ice hits you! You partially resist.
You hear some strange, mumbled words.
A lance of force appears from out of thin air!
You block the lance of force... and reflect it back!
Something blocks the lance of force.
Your orc warrior hits the deep elf pyromancer with a +0 battleaxe!!
Something blocks your attack. Something hits you.
Something hits your orc warrior!
The deep elf pyromancer hits your orc warrior but does no damage.
Something blocks your attack. Something hits you.
You hear some strange, mumbled words.
A shard of ice appears from out of thin air!
The shard of ice misses you.
The shard of ice hits your orc warrior!!
Your orc warrior dies!
The deep elf pyromancer hits Norbak with a +0 dagger.
You block the deep elf zephyrmancer's attack.
Something blocks your attack. Something hits you.
Something hits you but does no damage.
Unknown command.
You hit something. Something hits you! Something hits you but does no damage.
You block the deep elf zephyrmancer's attack.
The deep elf pyromancer points at Norbak and mumbles some strange words.
The bolt of fire hits Norbak!
You miss something. You block something's attack.
You hear some strange, mumbled words.
A shard of ice appears from out of thin air!
The shard of ice hits you! You partially resist.
Norbak roars a battlecry!
Your orcs go into a battle-frenzy!
The deep elf pyromancer hits Norbak but does no damage.
The deep elf zephyrmancer hits you but does no damage.
You miss something. Something hits you! Something completely misses you.
Norbak unwields a +0 arbalest.
Norbak wields a +5 glaive of flaming.
It bursts into flame!
Norbak closely misses the deep elf pyromancer.
You punch something! Something hits you!
* * * LOW HITPOINT WARNING * * *
Something hits you.
* * * LOW HITPOINT WARNING * * *
You block the deep elf zephyrmancer's attack.
The deep elf pyromancer points at Norbak and mumbles some strange words.
The sticky flame hits Norbak.
Norbak is covered in liquid flames!
Berold hits the deep elf pyromancer with a +0 halberd.
You feel much better.
Norbak burns!
Something completely misses you.
You hear some strange, mumbled words.
A shard of ice appears from out of thin air!
You block the shard of ice... and reflect it back!
You block the deep elf zephyrmancer's attack.
The deep elf pyromancer gestures wildly while chanting.
The deep elf pyromancer blinks!
You hear some strange, mumbled words.
A lance of force appears from out of thin air!
The lance of force misses you.
The lance of force hits Berold!
Berold is knocked back by the lance of force.
Berold collides with your orc knight!
Your orc knight is lightly wounded.
Berold is moderately wounded.
You block something's attack. Something blocks your attack.
Norbak burns!
Something hits you!
The deep elf pyromancer gestures at Norbak while chanting.
The bolt of fire hits something!!
The bolt of fire hits Norbak!!
Something hits your orc warrior but does no damage.
You block the deep elf zephyrmancer's attack.
You block something's attack.
You pummel something!! Beogh accepts your kill.
Reactivating autopickup.
You feel a bit more experienced.
Norbak burns!
Your orc warrior misses the deep elf zephyrmancer.
Your orc warrior hits something with a +0 halberd!
Berold hits the deep elf zephyrmancer from afar with a +0 halberd!!
Something hits you but does no damage.
Deactivating autopickup; reactivate with Ctrl-A.
Norbak unwields a +5 glaive of flaming.
It stops flaming.
Norbak wields a +0 arbalest.
Norbak shoots a bolt.
The bolt hits the deep elf pyromancer!!
The deep elf pyromancer dies!
Beogh accepts your kill.
Beogh blesses Norbak with healing.
The deep elf zephyrmancer points at you and mumbles some strange words.
The bolt of lightning hits you!!!
* * * LOW HITPOINT WARNING * * *
The bolt of lightning hits Norbak!
The bolt of lightning hits Norbak!!
The bolt of lightning hits you!!
You die...

Skill      XL: |  1  2  3  4  5  6  7  8  9 10 11 12 13 14 15 16 17 18 |
---------------+-------------------------------------------------------+-----
Fighting       | 4 5 6 7 8 9 10 11 12 14 15 16 | 16.8
Unarmed Combat | 4 5 6 7 8 10 11 13 14 15 16 17 18 19 | 19.6
Invocations    | 1 3 5 7 9 11 13 14 15 16 18 19 20 | 20.5
Armour         | 2 4 5 7 8 10 11 12 | 12.4
Evocations     | 2 5 6 8 9 10 | 10.6
Shields        | 3 6 9 10 12 | 12.9
Dodging        | 4 5 |  5.0

Action                     |  1- 3 |  4- 6 |  7- 9 | 10-12 | 13-15 | 16-18 || total
---------------------------+-------+-------+-------+-------+-------+-------++-------
  Melee: Unarmed           |    87 |   138 |   225 |   567 |   904 |  1058 ||  2979
   Fire: Sling             |    35 |    60 |    12 |       |       |       ||   107
  Throw: Dart              |       |       |     8 |    11 |       |     1 ||    20
 Invoke: Convert to Beogh  |       |     1 |       |       |       |       ||     1
         Smiting           |       |       |     7 |    21 |    35 |    16 ||    79
         Recall Orcish Fol |       |       |       |     2 |     1 |     8 ||    11
         Stop Recall       |       |       |       |     1 |       |     7 ||     8
         Give Item to Name |       |       |       |       |       |     4 ||     4
  Evoke: Wand              |       |       |       |     8 |    10 |     7 ||    25
         Condenser vane    |       |       |       |       |       |     2 ||     2
         Sack of spiders   |       |       |       |       |       |     1 ||     1
    Use: Scroll            |       |     5 |     1 |     9 |    17 |     2 ||    34
         Potion            |       |       |     2 |     2 |     3 |     3 ||    10
   Stab: Distracted        |       |       |       |     4 |     7 |     7 ||    18
         Paralysed         |       |       |       |       |     1 |       ||     1
         Petrified         |       |       |       |       |       |     3 ||     3
 Armour: Scale mail        |    40 |    36 |       |       |       |       ||    76
         Robe              |     4 |       |       |       |       |       ||     4
         Ring mail         |       |    61 |    18 |       |       |       ||    79
         Plate armour      |       |       |   131 |   303 |       |    68 ||   502
         Crystal plate arm |       |       |       |   347 |   709 |   836 ||  1892
         Leather armour    |       |       |       |       |    66 |       ||    66
  Dodge: Dodged            |    43 |    59 |    71 |   144 |   185 |   193 ||   695
  Block: Buckler           |       |       |       |       |   349 |   360 ||   709
         Reflection        |       |       |       |       |    15 |   102 ||   117
         Kite shield       |       |       |       |       |       |   326 ||   326

Levels and vault maps discovered:
D:1:      dpeg_arrival_radiant, layout_basic,
          ebering_ecumenical_altar_abandoned, minmay_misc_feat_rugged
D:2:      cheibrodos_old_hovel, layout_basic, nicolae_elevator_lobby_plus
D:3:      layout_basic, xom_teletrap_fun, nicolae_gozag_zags_fifth_avenue,
          minmay_starry_boxes
D:4:      layout_rooms, temple_statues, serial_co_window_serial,
          co_window_corner_a, co_window_paths_a, co_window_corner_a,
          co_window_of_opportunity_a, co_window_paths_a, co_window_paths_a,
          co_window_broadway_a, co_window_unsneaky_path_b, co_window_2corner,
          co_window_broadway_c, co_window_2corner, co_window_paths_d
D:5:      layout_basic, grunt_ministairs_7
D:6:      layout_rooms, dk_yredelemnul_ordeal, minmay_lizard_king
D:7:      cheibrodos_two_vegetables, layout_layer_cave,
          kennysheep_pointless_box, minmay_microvault, uniq_joseph
D:8:      layout_layer_cave, enter_bailey_5, kennysheep_generic_room_15,
          uniq_jeremiah
D:9:      layout_rooms
D:10:     layout_loops_cross
D:11:     layout_gridville, due_lair_maze_entry_diamond, erik_orc_1,
          minivault_10, lemuel_zombie_altar_kikubaaqudgha
D:12:     layout_rooms, portal_ice_cave_entry_pillars_1
D:13:     layout_roguey, grunt_vaults_entry_fortified, serial_shops,
          nicolae_shop_crystal, shop, shop, shop, nicolae_shop_waterfront,
          st_stairs_12
D:14:     layout_roguey [special_room_mythical_zoo],
          nicolae_trove_entry_isolated, gammafunk_ghost_smash,
          minmay_misc_feat_secret_circle
D:15:     grunt_enter_depths_hoard, layout_long_grid, nicolae_diode_stairs
Lair:1:   layout_regular_city, uniq_sonja
Lair:2:   layout_cave_pods, serial_bayou_shore_b
Lair:3:   layout_chaotic_city, shoals_dummy_entry, dummy_snake_entry,
          enter_volcano_4, gauntlet_entry_generic, lemuel_fruit_tree,
          serial_bayou_shore_b
Lair:4:   layout_regular_city, infiniplex_staircase_pool_2, grunt_megastairs_3,
          serial_bayou_shore_a
Lair:5:   gammafunk_lair_ancient_temple, layout_gridlike, slime_entry_1,
          hellmonk_guarded_unrand_vines, serial_bayou_shore_b
Shoals:1: layout_shoals
Shoals:2: layout_shoals, nicolae_shoals_dead_sea_scrolls
Shoals:3: layout_shoals, uniq_aizul, uniq_polyphemus
Shoals:4: shoals_end_grunt_ice, layout_shoals
Snake:1:  layout_grid_maze, serial_shops, shop, nicolae_snake_salamander_zone,
          uniq_agnes
Snake:2:  layout_misc_corridors, ebering_ghost_gozag,
          nicolae_snake_dead_anacondas, uniq_vashnia
Snake:3:  layout_grid_maze, serial_shops, nicolae_stop_n_shop_1
Snake:4:  snake_pit_salamanders_mu, layout_layer_cave, serial_shops,
          nicolae_lakefront_shop, drop_trap
Orc:1:    layout_caves, serial_shops, shop, uniq_maurice, uniq_harold,
          uniq_erolcha, uniq_jorgrun
Orc:2:    pf_orc_diabolical, layout_caves, serial_shops, shop,
          guppyfry_library_mini, uniq_urug
Elf:1:    layout_gridlike, special_room [special_room_orc], minivault_28,
          hex_large, minmay_shop_grove

Notes
Turn   | Place    | Note
-------+----------+-------------------------------------------
     0 | D:1      | scionoferis the Hill Orc Monk began the quest for the Orb.
     0 | D:1      | Reached XP level 1. HP: 19/19 MP: 1/1
   263 | D:1      | Reached XP level 2. HP: 27/27 MP: 2/2
   504 | D:1      | Found a faded altar of an unknown god.
   514 | D:1      | Reached skill level 4 in Fighting
   609 | D:1      | Reached skill level 4 in Unarmed Combat
   799 | D:2      | Reached XP level 3. HP: 33/33 MP: 3/3
  1089 | D:2      | Reached XP level 4. HP: 32/41 MP: 4/4
  1253 | D:2      | Identified the +0 hand axe "Kairph" {heavy, Contam *Corrode
                  | rC+++ Stlth+}
  1859 | D:3      | Reached skill level 5 in Unarmed Combat
  1917 | D:3      | Identified the +5 mace "Hilahima" {spect, rPois rC- Int+3}
  1962 | D:3      | Reached XP level 5. HP: 47/47 MP: 5/5
  1973 | D:3      | Found a shimmering altar of Xom.
  2043 | D:3      | Found Gozag's Platinum Reserve.
  2051 | D:3      | Found an opulent altar of Gozag.
  2375 | D:3      | Reached skill level 5 in Fighting
  2567 | D:4      | Became a worshipper of Beogh the Brigand
  2567 | D:4      | Reached * piety under Beogh
  2567 | D:4      | Reached ** piety under Beogh
  2828 | D:4      | Found a staircase to the Ecumenical Temple.
  2859 | D:4      | Reached skill level 6 in Unarmed Combat
  3405 | D:5      | Entered Level 5 of the Dungeon
  3405 | D:5      | Noticed a black bear
  3416 | D:4      | Killed a black bear
  3417 | D:4      | Reached skill level 1 in Invocations
  3417 | D:4      | Reached XP level 6. HP: 48/56 MP: 5/7
  3448 | D:5      | Reached skill level 2 in Invocations
  3661 | D:5      | Reached skill level 3 in Invocations
  3786 | D:5      | Reached XP level 7. HP: 62/62 MP: 9/9
  3811 | D:5      | Reached skill level 6 in Fighting
  3811 | D:5      | Reached skill level 7 in Unarmed Combat
  3869 | D:5      | Reached skill level 4 in Invocations
  4231 | D:6      | Reached skill level 5 in Invocations
  4265 | D:5      | Reached XP level 8. HP: 28/71 MP: 10/12
  4541 | D:6      | Reached skill level 1 in Armour
  4541 | D:6      | Reached skill level 8 in Unarmed Combat
  4541 | D:6      | Reached skill level 6 in Invocations
  4673 | D:6      | Reached *** piety under Beogh
  4787 | D:6      | Found a runed translucent door.
  4792 | D:6      | Found a basalt altar of Yredelemnul.
  5201 | D:7      | Noticed Joseph
  5229 | D:7      | Killed Joseph
  5230 | D:7      | Reached skill level 7 in Fighting
  5230 | D:7      | Reached skill level 2 in Armour
  5230 | D:7      | Reached skill level 7 in Invocations
  5554 | D:7      | Reached XP level 9. HP: 50/79 MP: 14/14
  5568 | D:7      | Reached skill level 9 in Unarmed Combat
  5605 | D:7      | Noticed a troll
  5610 | D:7      | Killed a troll
  5611 | D:7      | Reached skill level 3 in Armour
  5611 | D:7      | Reached skill level 8 in Invocations
  5728 | D:7      | Noticed a skeletal warrior
  6182 | D:7      | Killed a skeletal warrior
  6183 | D:7      | Reached skill level 8 in Fighting
  6183 | D:7      | Reached skill level 9 in Invocations
  6184 | D:7      | Reached skill level 4 in Armour
  6184 | D:7      | Reached skill level 10 in Unarmed Combat
  7162 | D:8      | Noticed Jeremiah
  7164 | D:8      | Killed Jeremiah
  7165 | D:8      | Reached XP level 10. HP: 85/89 MP: 10/17
  7207 | D:8      | Reached skill level 10 in Invocations
  7300 | D:8      | Found a flagged portal.
  7361 | Bailey   | Entered a bailey
  8055 | Bailey   | Noticed an orc knight
  8057 | Bailey   | Killed an orc knight
  8060 | Bailey   | Reached skill level 5 in Armour
  8437 | D:8      | Reached skill level 11 in Unarmed Combat
  9780 | D:9      | Reached skill level 11 in Invocations
  9879 | D:9      | Reached skill level 9 in Fighting
 10447 | D:10     | Entered Level 10 of the Dungeon
 10686 | D:9      | Reached XP level 11. HP: 94/97 MP: 19/19
 10720 | D:10     | Gained Zorug as an ally
 10807 | D:10     | Reached skill level 12 in Invocations
 10812 | D:10     | Reached skill level 6 in Armour
 11180 | D:10     | Reached skill level 12 in Unarmed Combat
 11431 | D:10     | Reached **** piety under Beogh
 11658 | D:11     | Noticed a manticore
 11661 | D:11     | Killed a manticore
 11732 | D:11     | Identified a +0 crystal plate armour
 11827 | D:11     | Reached skill level 10 in Fighting
 11837 | D:11     | Found a staircase to the Lair.
 12110 | D:11     | Reached skill level 7 in Armour
 12169 | D:11     | Found an ancient bone altar of Kikubaaqudgha.
 12206 | D:11     | Noticed a two-headed ogre
 12218 | D:11     | Killed a two-headed ogre
 12325 | D:11     | Noticed a boulder beetle
 12340 | D:11     | Killed a boulder beetle
 12341 | D:11     | Reached skill level 13 in Unarmed Combat
 12341 | D:11     | Reached skill level 13 in Invocations
 12665 | D:11     | Found a staircase to the Orcish Mines.
 13189 | D:12     | Found a frozen archway.
 13197 | D:12     | Noticed a deep elf pyromancer
 13200 | IceCv    | Entered an ice cave
 13295 | IceCv    | Reached XP level 12. HP: 105/107 MP: 21/21
 13339 | IceCv    | Noticed a quicksilver ooze
 13343 | IceCv    | Killed a quicksilver ooze
 13502 | IceCv    | Identified a +1 robe of resistance
 13506 | IceCv    | Got the ring of Qeojat {*Slow rC+ Int+7 Dex+3 Slay-4}
 13806 | IceCv    | Reached skill level 11 in Fighting
 13806 | IceCv    | Reached skill level 8 in Armour
 14165 | IceCv    | Noticed an azure jelly
 14179 | IceCv    | Killed an azure jelly
 14180 | IceCv    | Reached skill level 14 in Unarmed Combat
 14291 | IceCv    | Found a viscous altar of Jiyva.
 14291 | IceCv    | Noticed an azure jelly
 14307 | IceCv    | Killed an azure jelly
 14308 | IceCv    | Reached skill level 1 in Evocations
 14402 | IceCv    | Got a loosely-bound book
 14405 | IceCv    | Identified the amulet of Imyonechoge {Spirit Int+3}
 14408 | IceCv    | Got the +7 short sword "Etybas" {freeze, SInv}
 14760 | D:12     | You fall into a shaft and drop 3 floors!
 14760 | D:15     | Entered Level 15 of the Dungeon
 14793 | D:15     | Reached skill level 2 in Evocations
 14885 | D:14     | Found a portal to a secret trove of treasure.
 15013 | D:14     | Reached skill level 14 in Invocations
 15150 | D:14     | Noticed a boulder beetle
 15169 | D:14     | Killed a boulder beetle
 15328 | D:14     | Reached XP level 13. HP: 70/117 MP: 11/23
 15330 | D:14     | Reached skill level 9 in Armour
 15330 | D:14     | Reached skill level 3 in Evocations
 15843 | D:14     | Reached skill level 15 in Unarmed Combat
 15871 | D:14     | Reached skill level 12 in Fighting
 15888 | D:14     | Gained Oruk as an ally
 16570 | D:13     | Reached skill level 4 in Evocations
 16804 | D:13     | Found Durafas's Magic Scroll Shop.
 16805 | D:13     | Found Refu's Book Shoppe.
 16830 | D:13     | Bought a scroll of identify for 24 gold pieces
 16830 | D:13     | Bought a scroll of identify for 24 gold pieces
 16830 | D:13     | Bought a scroll of identify for 24 gold pieces
 16834 | D:13     | Identified 2 scrolls of acquirement
 16845 | D:13     | Found Xacuo's Jewellery Emporium.
 16911 | D:13     | Reached skill level 1 in Shields
 17375 | Lair:1   | Entered Level 1 of the Lair of Beasts
 17398 | Lair:1   | Noticed Sonja
 17401 | Lair:1   | Killed Sonja
 18138 | Lair:2   | Reached skill level 2 in Shields
 18189 | Lair:2   | Reached skill level 15 in Invocations
 18915 | Lair:2   | Reached skill level 10 in Armour
 19462 | Lair:3   | Reached skill level 5 in Evocations
 19481 | Lair:3   | Found a gate leading to a gauntlet.
 19495 | Gauntlet | Entered a Gauntlet
 19495 | Gauntlet | Found a transporter.
 19495 | Gauntlet | Found a transporter.
 19499 | Gauntlet | Found a transporter.
 19499 | Gauntlet | Found a transporter.
 19507 | Gauntlet | Found a transporter.
 19534 | Gauntlet | Found a transporter.
 19550 | Gauntlet | Found a transporter.
 19557 | Gauntlet | Noticed a reaper
 19558 | Gauntlet | Found a transporter.
 19558 | Gauntlet | Found a transporter.
 19561 | Gauntlet | Found a transporter.
 19569 | Gauntlet | Noticed a cacodemon
 19577 | Gauntlet | Found a transporter.
 19583 | Gauntlet | Found a transporter.
 19676 | Gauntlet | Found a transporter.
 19696 | Gauntlet | Found a transporter.
 19792 | Gauntlet | Found a transporter.
 19808 | Gauntlet | Found a transporter.
 19937 | Gauntlet | Identified the ring "Muod" {Will+ Str+4 Int+2 Dex+2}
 20051 | Gauntlet | Reached skill level 3 in Shields
 20056 | Gauntlet | Reached XP level 14. HP: 127/127 MP: 25/25
 20066 | Gauntlet | Identified the ring of Pelaj {Fly Str+4}
 20090 | Gauntlet | Killed a cacodemon
 20099 | Gauntlet | Identified the +0 pair of gloves of the Game of Life {Drain
                  | rPois Dex+4 Slay+4}
 20160 | Gauntlet | Identified the +2 leather armour of Ymoas {Rampage Int+3}
 20647 | Trove    | Entered a treasure trove
 21028 | Lair:3   | Found a staircase to the Snake Pit.
 21165 | Lair:3   | Reached skill level 13 in Fighting
 21314 | Lair:3   | Found a staircase to the Shoals.
 21355 | Lair:3   | Reached skill level 16 in Unarmed Combat
 21744 | Lair:4   | Reached skill level 4 in Shields
 21809 | Lair:4   | Reached skill level 6 in Evocations
 22256 | Lair:4   | Reached skill level 5 in Shields
 22318 | Lair:4   | Identified the +3 leather armour "Tem Lehu" {Rampage Drain
                  | Int+3 Dex+3}
 22507 | Lair:4   | Reached skill level 16 in Invocations
 22767 | Lair:4   | Identified the +2 quarterstaff of Greed {vamp, Int+2}
 23058 | Lair:5   | Entered Level 5 of the Lair of Beasts
 23082 | Lair:5   | Reached skill level 6 in Shields
 23100 | Lair:5   | Your ally Oruk died
 23235 | Lair:5   | Reached skill level 14 in Fighting
 23263 | Lair:5   | Found a viscous altar of Jiyva.
 23263 | Lair:5   | Found a staircase to the Slime Pits.
 23522 | Lair:5   | Reached XP level 15. HP: 120/138 MP: 27/27
 23614 | Lair:5   | Reached skill level 7 in Shields
 24078 | Lair:5   | Reached skill level 17 in Unarmed Combat
 24219 | Lair:5   | Reached skill level 17 in Invocations
 24879 | Lair:5   | Found the +1 robe of Vines {NoPotionHeal Regen++++}
 25241 | Orc:1    | Entered Level 1 of the Orcish Mines
 25289 | Orc:1    | Noticed Erolcha
 25293 | Orc:1    | Killed Erolcha
 25295 | Orc:1    | Noticed Jorgrun
 25296 | Orc:1    | Noticed Maurice
 25300 | Orc:1    | Killed Jorgrun
 25306 | Orc:1    | Maurice stole 3 throwing nets
 25308 | Orc:1    | Killed Maurice
 25309 | Orc:1    | Reached skill level 8 in Shields
 25315 | Orc:1    | Found Wuozag's Magic Scroll Boutique.
 25407 | Orc:1    | Bought a scroll of identify for 32 gold pieces
 25580 | Orc:2    | Entered Level 2 of the Orcish Mines
 25863 | Orc:2    | Found a staircase to the Elven Halls.
 25865 | Orc:2    | Found Xoiskut's Weapon Shoppe.
 25932 | Orc:2    | Noticed Urug
 26102 | Orc:2    | Found Jofeptyw's General Store.
 26103 | Orc:2    | Found Bilol's General Store.
 26189 | Orc:2    | Reached skill level 15 in Fighting
 26408 | Orc:2    | Found Suomut's Book Emporium.
 26408 | Orc:2    | Found Cysoseci's Antique Weapon Shoppe.
 26408 | Orc:2    | Found a one-way gate leading to the halls of Pandemonium.
 26883 | Orc:2    | Identified a +0 robe of resistance
 27122 | Orc:2    | Acquired the -1 pair of boots "Ygavydon" {rPois rC+ rN++
                  | Dex-2}
 27123 | Orc:2    | Acquired 1142 gold pieces
 27155 | Orc:2    | Bought a condenser vane for 560 gold pieces
 27268 | D:13     | Bought a ring of protection from fire for 300 gold pieces
 27437 | Snake:1  | Entered Level 1 of the Snake Pit
 27441 | Snake:1  | Found Pewaefid's Jewellery Shoppe.
 27767 | Snake:1  | Reached skill level 9 in Shields
 28644 | Snake:1  | Reached skill level 18 in Invocations
 28644 | Snake:1  | Reached XP level 16. HP: 144/149 MP: 27/29
 28644 | Snake:1  | Noticed Agnes
 28649 | Snake:1  | Killed Agnes
 29088 | Snake:1  | Identified the +1 mace of the Poles {drain, rPois rF+
                  | Dex+3}
 29191 | Snake:1  | Reached skill level 7 in Evocations
 29428 | Snake:1  | Reached skill level 18 in Unarmed Combat
 29517 | Snake:2  | Noticed Vashnia
 29912 | Snake:1  | Reached skill level 3 in Dodging
 30071 | Snake:2  | Reached skill level 10 in Shields
 30141 | Snake:2  | Found a runed translucent gate.
 30141 | Snake:2  | Found a runed translucent gate.
 30141 | Snake:2  | Found a runed translucent gate.
 30141 | Snake:2  | Found an opulent altar of Gozag.
 30144 | Snake:2  | Found Zaixu's Assorted Antiques.
 30144 | Snake:2  | Noticed Kemp's ghost (adept MiMo)
 30173 | Snake:2  | Gained Ogrik as an ally
 30438 | Snake:2  | Killed Vashnia
 30734 | Snake:2  | Your ally Ogrik died
 30771 | Snake:2  | Reached skill level 8 in Evocations
 31053 | Snake:2  | Reached skill level 4 in Dodging
 31237 | Snake:2  | Gained Bogdar as an ally
 32113 | Snake:3  | Found Yleocypi's Assorted Antiques.
 32587 | Snake:3  | Gained Thorok as an ally
 33010 | Snake:4  | Entered Level 4 of the Snake Pit
 33110 | Snake:4  | Your ally Thorok died
 33454 | Snake:4  | Found Guoratuso's Antique Armour Shop.
 33464 | Snake:4  | Bought a pair of runed boots for 157 gold pieces
 34375 | Snake:4  | Reached skill level 19 in Invocations
 34387 | Snake:4  | Reached XP level 17. HP: 68/156 MP: 30/30
 34406 | Snake:4  | Your ally Bogdar died
 34826 | Snake:3  | Reached skill level 11 in Shields
 35992 | Snake:4  | Reached skill level 5 in Dodging
 36670 | Snake:4  | Gained Norbak as an ally
 36707 | Snake:4  | Reached skill level 9 in Evocations
 37422 | Snake:4  | Got a serpentine rune of Zot
 37734 | Snake:1  | Killed Kemp's ghost
 37810 | Snake:2  | Reached skill level 11 in Armour
 38429 | Orc:1    | Noticed Harold
 38437 | Orc:1    | Killed Harold
 38860 | Shoals:1 | Entered Level 1 of the Shoals
 39077 | Shoals:1 | Reached skill level 19 in Unarmed Combat
 39580 | Shoals:1 | Reached skill level 16 in Fighting
 40236 | Shoals:2 | Reached skill level 12 in Shields
 40634 | Shoals:2 | Identified the +4 dagger of Balance {antimagic, rElec rC+
                  | Int+3 Dex+3}
 41258 | Shoals:3 | Reached XP level 18. HP: 131/166 MP: 31/31
 41660 | Shoals:3 | Gained Bogwik as an ally
 41673 | Shoals:3 | Reached ***** piety under Beogh
 41785 | Shoals:3 | Noticed Polyphemus
 41811 | Shoals:3 | Killed Polyphemus
 41814 | Shoals:3 | Reached skill level 20 in Invocations
 41953 | Shoals:3 | Noticed Aizul
 41973 | Shoals:3 | Killed Aizul
 42393 | Shoals:3 | Acquired a manual of Evocations
 42870 | D:11     | Upgraded the game from 0.31-a0-818-ge7c7cf74f0 to
                  | 0.31-a0-819-gf6de2f5ab6
 43069 | Shoals:4 | Entered Level 4 of the Shoals
 43466 | Shoals:4 | Reached skill level 12 in Armour
 43467 | Shoals:4 | Gained Spirok as an ally
 43483 | Shoals:4 | Got a barnacled rune of Zot
 44206 | Shoals:4 | Reached skill level 10 in Evocations
 46436 | Elf:1    | Entered Level 1 of the Elven Halls
 46552 | Elf:1    | Gained Berold as an ally
 46869 | Elf:1    | Found a roughly hewn altar of Beogh.
 47243 | Elf:1    | Found Faeginesu's Book Emporium.
 47244 | Elf:1    | Found Vaitwax's Jewellery Shop.
 47244 | Elf:1    | Found Tirhuq's Jewellery Shop.
 47289 | Elf:1    | HP: 13/168 [deep elf zephyrmancer/bolt of lightning (39)]
 47289 | Elf:1    | Killed from afar by a deep elf zephyrmancer

Vanquished Creatures
  Vashnia (Snake:2)
  Jorgrun (Orc:1)
  Agnes (Snake:1)
  Polyphemus (Shoals:3)
  2 azure jellies (IceCv)
  A frost giant (Shoals:4)
  A cacodemon (Gauntlet)
  A quicksilver ooze (IceCv)
  A minotaur (Gauntlet)
  5 merfolk javelineers (Shoals:1 Shoals:3 Shoals:4)
  2 merfolk impalers (Shoals:4)
  Harold (Orc:1)
  4 hydras (D:14 Lair:5)
  4 merfolk avatars (Lair:5 Shoals:1 Shoals:4)
  A demonspawn (Orc:2)
  2 alligator snapping turtles (Shoals:4)
  A centaur warrior (D:14)
  Erolcha (Orc:1)
  2 catoblepae (Lair:5 Shoals:3)
  3 two-headed ogres (D:11 D:13 Elf:1)
  11 anacondas (Snake:1 Snake:2 Snake:3 Snake:4)
  3 boulder beetles (D:11 D:14 Lair:4)
  A dancing weapon (Elf:1)
  2 satyrs (Shoals:2 Shoals:3)
  2 merfolk aquamancers (Shoals:3 Shoals:4)
  11 death yaks (Lair:4 Lair:5 Shoals:3)
  8 naga warriors (Snake:1 Snake:4 Snake:2)
  2 orc high priests (Orc:2)
  11 naga sharpshooters (Snake:1 Snake:2 Snake:4)
  8 shock serpents (Snake:1 Snake:2 Snake:4 Snake:3)
  7 salamander mystics (Snake:1 Snake:3 Snake:4)
  A sun demon (Orc:2)
  2 deep elf knights (Elf:1)
  10 sea snakes (Lair:5 Shoals:1 Shoals:4)
  A fire crab (Gauntlet)
  5 anaconda zombies (Snake:2)
  A skeletal warrior (D:7)
  2 skysharks (Lair:3 Shoals:1)
  6 spectral anacondas (Snake:2)
  A deep elf archer (Elf:1)
  An obsidian statue (Snake:2)
  A wizard (D:13)
  2 harpies (Lair:5 Shoals:4)
  3 naga ritualists (Snake:2 Snake:4)
  4 deep elf pyromancers (D:12 Elf:1)
  5 lindwurms (Lair:4 Lair:5 Snake:4)
  2 oklob plants (Lair:5)
  4 orc sorcerers (Orc:2)
  7 mana vipers (Snake:1 Snake:3 Snake:4)
  4 orc knights (Bailey Orc:2 Shoals:4 Elf:1)
  8 ugly things (D:14 D:13)
  18 salamanders (Snake:1 Snake:4)
  11 manticores (D:11 D:14 Shoals:1 Shoals:2 Shoals:3)
  13 fauns (Shoals:1 Shoals:2 Shoals:3)
  4 cyclopes (D:13 Orc:2 Shoals:4)
  2 ice statues (IceCv)
  5 guardian serpents (Snake:1 Snake:4)
  Maurice (Orc:1)
  A torpor snail (Lair:5)
  24 black mambas (Lair:4 Lair:5 Snake:1 Snake:2 Snake:3)
  11 elephants (Lair:4 Lair:5)
  7 merfolk sirens (Shoals:1 Shoals:2 Shoals:3 Shoals:4)
  A water nymph (Shoals:3)
  Joseph (D:7)
  A rust devil (Orc:2)
  8 cane toads (Lair:1 Lair:2 Lair:3 Lair:4 Lair:5)
  9 naga magi (Snake:1 Snake:2 Snake:4)
  A yaktaur (shapeshifter) (D:14)
  A minotaur zombie (Gauntlet)
  7 rime drakes (D:14 Lair:5)
  9 komodo dragons (D:9 D:11 Lair:1 Lair:2 Lair:4)
  4 anaconda simulacra (Snake:2)
  Jeremiah (D:8)
  A yaktaur (D:15)
  2 tengu conjurers (D:14)
  10 merfolk (Shoals:1 Shoals:2 Shoals:3 Shoals:4)
  7 wind drakes (Shoals:1 Shoals:2 Shoals:3 Shoals:4)
  6 trolls (D:7 D:9 D:11 D:13 D:12)
  6 dream sheep (Lair:4 Lair:5)
  12 slime creatures (IceCv D:13)
  9 water elementals (Shoals:3 Shoals:4)
  6 snapping turtles (Lair:5 Shoals:1 Shoals:3 Shoals:4)
  2 centaur simulacra (Gauntlet)
  11 wyverns (D:9 D:14 Lair:3 Lair:4)
  A vampire (D:9)
  33 yaks (D:9 D:10 Lair:4 Lair:5)
  2 fire bats (Gauntlet)
  2 wraiths (D:11)
  4 basilisks (D:14 Lair:1)
  10 vampire mosquitoes (D:9 D:10 D:11 D:13)
  A chaos spawn (Orc:2)
  A golden eye (shapeshifter) (D:13)
  A steam dragon (Lair:5)
  A neqoxec (Gauntlet)
  12 nagas (Snake:1 Snake:2 Snake:3 Snake:4)
  A warg (Orc:1)
  6 water moccasins (D:8 D:11 Lair:3 Lair:5)
  3 acid dragons (D:9 D:11 D:14)
  A meliai simulacrum (Gauntlet)
  2 ice beasts (D:7 D:8)
  21 orc warriors (D:5 D:7 Bailey D:11 Orc:2)
  3 great orb of eyes simulacra (IceCv)
  3 black bears (D:4 D:6 Lair:2)
  An ogre (Orc:1)
  7 wolves (Lair:1 Lair:3 Lair:5)
  4 centaurs (D:9 D:11)
  2 kobold brigands (D:8 D:9)
  A phantom (D:5)
  2 slime creature simulacra (IceCv)
  8 bullfrogs (D:7 D:11 Lair:3 Lair:4)
  2 gnoll sergeants (D:8 D:9)
  4 glowing shapeshifter simulacra (IceCv)
  5 scorpions (D:5 D:6)
  7 electric eels (D:7 Lair:4)
  6 howler monkeys (D:5 D:8 D:11)
  2 lava snakes (Snake:1)
  A wyvern simulacrum (Gauntlet)
  3 jellies (D:4 D:5)
  8 orc priests (D:6 D:7 Orc:2 Elf:1)
  3 hounds (D:4 D:5 D:6)
  2 sleepcaps (D:5 D:7)
  6 iguanas (D:5 D:6 D:7)
  13 orc wizards (D:5 D:6 D:7 D:11 Orc:2)
  11 hell rats (D:14 Lair:4)
  5 shapeshifter simulacra (IceCv)
  A boggart simulacrum (Gauntlet)
  9 gnolls (D:8 D:9)
  7 adders (D:2 D:3 D:5)
  A shadow imp (D:7)
  A white imp (D:6)
  An ufetubus (D:5)
  A worm (D:3)
  2 dart slugs (D:1 D:3)
  21 orcs (D:3 D:4 D:5 D:7 Bailey)
  2 bat zombies (D:11)
  10 endoplasms (D:1 D:2 D:3 D:4)
  2 giant cockroaches (D:1 D:3)
  9 goblins (D:1 D:2 D:3 D:8)
  12 hobgoblins (D:1 D:2 D:3 D:4)
  8 jackals (D:2 D:3)
  A quokka (D:1)
  5 ball pythons (D:1 D:3 D:4)
  4 bats (D:1 D:3)
  15 frilled lizards (D:1 D:2 D:3 D:6)
  A goblin zombie (D:6)
  A jackal skeleton (D:6)
  20 kobolds (D:1 D:2 D:4 D:8 D:9)
  7 rats (D:1 D:2 D:3)
736 creatures vanquished.

Vanquished Creatures (collateral kills)
  The ghost of Kemp the Severer, an adept MiMo of Ashenzari (Snake:1)
  Aizul (Shoals:3)
  A nagaraja (Snake:4)
  An orc warlord (Elf:1)
  A formless jellyfish (Shoals:4)
  3 merfolk impalers (Shoals:1 Shoals:3 Shoals:4)
  An ettin (Orc:1)
  3 anacondas (Snake:1 Snake:2 Snake:4)
  4 merfolk avatars (Shoals:3 Shoals:4)
  2 demonspawn (Orc:2)
  4 dancing weapons (Elf:1)
  A merfolk aquamancer (Shoals:3)
  A boulder beetle (Lair:2)
  4 naga warriors (Snake:2 Snake:4)
  2 death yaks (Lair:4 Lair:5)
  An orc high priest (Orc:2)
  6 shock serpents (Snake:2 Snake:3 Snake:4 Snake:1)
  6 naga sharpshooters (Snake:1 Snake:2 Snake:4)
  Sonja (Lair:1)
  A salamander mystic (Snake:4)
  A skyshark (Shoals:1)
  4 sea snakes (Lair:5 Shoals:2 Shoals:4)
  An anaconda zombie (Snake:2)
  5 deep elf archers (Elf:1)
  A naga ritualist (Snake:1)
  3 deep elf zephyrmancers (Elf:1)
  6 orc knights (Orc:2 Elf:1)
  7 deep elf pyromancers (Elf:1)
  4 harpies (Shoals:1)
  An ugly thing (D:13)
  An orc sorcerer (Orc:2)
  7 mana vipers (Snake:1 Snake:3 Snake:4)
  5 fauns (Shoals:1 Shoals:2)
  7 salamanders (Snake:1 Snake:2 Snake:4)
  A merfolk siren (Shoals:3)
  4 manticores (Shoals:1 Shoals:4)
  2 guardian serpents (Snake:4)
  10 elephants (Lair:4 Lair:5)
  8 naga magi (Snake:1 Snake:2 Snake:3 Snake:4)
  4 water nymphs (Shoals:4)
  A smoke demon (Orc:2)
  9 black mambas (Lair:1 Snake:1 Snake:2 Snake:3 Snake:4)
  5 cane toads (Lair:1 Lair:2 Lair:3 Lair:5)
  An unseen horror (D:12)
  3 komodo dragons (D:11 D:12 Lair:5)
  An anaconda simulacrum (Snake:2)
  3 rime drakes (Lair:1 Lair:2 Lair:5)
  A red devil (Orc:2)
  2 wind drakes (Shoals:1 Shoals:4)
  7 merfolk (Shoals:1 Shoals:3 Shoals:4)
  A blink frog (Lair:5)
  A snapping turtle (Shoals:4)
  5 dream sheep (Lair:5)
  6 slime creatures (D:11 D:12)
  9 water elementals (Shoals:1 Shoals:2 Shoals:3 Shoals:4 Elf:1)
  A vampire (D:8)
  20 yaks (D:11 Lair:2 Lair:4 Lair:5)
  3 wyverns (D:9 Lair:4 Lair:5)
  22 orc warriors (D:7 Bailey D:11 D:12 Orc:1)
  2 vampire mosquitoes (D:11)
  2 basilisks (D:14 Lair:5)
  2 steam dragons (Lair:5)
  10 nagas (Snake:1 Snake:2 Snake:4)
  8 water moccasins (D:11 Lair:2 Lair:3 Lair:4 Lair:5)
  A swamp drake (D:11)
  2 ogres (D:11 Orc:1)
  3 centaurs (D:11)
  8 wolves (Lair:1 Lair:3 Lair:5)
  3 bullfrogs (D:11 Lair:1 Lair:2)
  5 orc priests (D:11 Orc:2 Elf:1)
  3 hell rats (Lair:4)
  11 orc wizards (D:7 D:12 Orc:1 Orc:2)
  A white imp (D:8)
  22 orcs (D:8 Bailey D:11 D:12 Orc:1)
311 creatures vanquished.

Vanquished Creatures (others)
  An orc warlord (Snake:2)
  An orc high priest (Lair:5)
  An orc knight (Snake:4)
  A merfolk aquamancer (Shoals:4)
  A deep elf zephyrmancer (Elf:1)
  4 orc sorcerers (Orc:2)
  A yak (Lair:5)
  A naga (Snake:4)
  8 orc warriors (Bailey D:9 Orc:1 Elf:1)
  9 orc priests (D:12 Orc:2 Snake:4 Elf:1)
  An orc wizard (D:12)
  30 orcs (Bailey D:11 D:14 Lair:3 Orc:1)
  A ball python (D:4)
  2 jackals (D:4)
  A kobold (D:4)
63 creatures vanquished.

Grand Total: 1110 creatures vanquished

Table legend: (Time is in decaauts)
 A = Elapsed time spent in this place.
 B = Non-inter-level travel time spent in this place.
 C = Inter-level travel time spent in this place.
 D = Time resting spent in this place.
 E = Time spent auto-exploring this place.
 F = Levels seen in this place.
 G = Mean time per level.
                   A        B        C        D        E       F      G
               +--------+--------+--------+--------+--------+-----+--------+
         Total |  46928 |  42213 |   4715 |  13676 |  12239 |  35 | 1340.8 |
       Dungeon |  16190 |  14560 |   1630 |   3485 |   6480 |  15 | 1079.3 |
          Lair |   7553 |   6129 |   1424 |   1812 |   2256 |   5 | 1510.6 |
        Shoals |   6319 |   5990 |    329 |   1299 |   1773 |   4 | 1579.8 |
     Snake Pit |  10264 |   9343 |    921 |   4898 |    734 |   4 | 2566.0 |
  Orcish Mines |   2692 |   2282 |    410 |    857 |    785 |   2 | 1346.0 |
   Elven Halls |    638 |    638 |      0 |    110 |      0 |   1 |  638.0 |
         Trove |     45 |     45 |      0 |      0 |      0 |   1 |   45.0 |
        Bailey |   1090 |   1090 |      0 |    393 |    121 |   1 | 1090.0 |
      Ice Cave |   1294 |   1294 |      0 |    601 |     85 |   1 | 1294.0 |
      Gauntlet |    840 |    840 |      0 |    220 |      4 |   1 |  840.0 |
               +--------+--------+--------+--------+--------+-----+--------+

Top non-repeatable levels by time:
 Snake:1: 3309 daAuts
 Snake:4: 3223 daAuts
 Snake:3: 2508 daAuts
    D:11: 2291 daAuts
     D:7: 2167 daAuts
Shoals:4: 2065 daAuts
   Orc:2: 1950 daAuts
  Lair:5: 1842 daAuts
  Lair:2: 1725 daAuts
    D:14: 1694 daAuts
Shoals:3: 1510 daAuts
  Lair:4: 1465 daAuts
Shoals:1: 1448 daAuts
     D:8: 1425 daAuts
Shoals:2: 1294 daAuts

Table legend:
 A = Non-vault XP
 B = Vault XP
 C = Vault XP percentage of total XP
 D = Non-vault monster count
 E = Vault monster count
 F = Vault count percentage of total count
                 A         B        C        D         E       F
            +---------+---------+-------+---------+---------+-------
      Total |  170173 |  133618 |  44.0 |     665 |     383 |  36.5
            +---------+---------+-------+---------+---------+-------
        D:1 |      31 |       0 |   0.0 |      20 |       0 |   0.0
        D:2 |      62 |      13 |  17.3 |      23 |       1 |   4.2
        D:3 |      73 |      20 |  21.5 |      18 |      10 |  35.7
        D:4 |     104 |     126 |  54.8 |      12 |       1 |   7.7
        D:5 |     743 |      40 |   5.1 |      17 |       1 |   5.6
        D:6 |     541 |      50 |   8.5 |       9 |      12 |  57.1
        D:7 |     729 |    2032 |  73.6 |      15 |      11 |  42.3
        D:8 |     829 |     360 |  30.3 |      20 |       6 |  23.1
        D:9 |    2123 |       0 |   0.0 |      22 |       0 |   0.0
       D:10 |    3009 |       0 |   0.0 |      15 |       0 |   0.0
       D:11 |    4272 |    1820 |  29.9 |      24 |      24 |  50.0
       D:12 |    1983 |       0 |   0.0 |      14 |       0 |   0.0
       D:13 |    3429 |    1411 |  29.2 |       9 |       3 |  25.0
       D:14 |    6342 |    5595 |  46.9 |      13 |      26 |  66.7
       D:15 |     338 |       0 |   0.0 |       1 |       0 |   0.0
     Lair:1 |    2097 |     644 |  23.5 |      12 |       1 |   7.7
     Lair:2 |    3459 |       0 |   0.0 |      17 |       0 |   0.0
     Lair:3 |    2843 |       0 |   0.0 |      13 |       0 |   0.0
     Lair:4 |   15165 |     911 |   5.7 |      49 |       4 |   7.5
     Lair:5 |   18074 |    9012 |  33.3 |      63 |      20 |  24.1
   Shoals:1 |   14976 |       0 |   0.0 |      37 |       0 |   0.0
   Shoals:2 |    4753 |       0 |   0.0 |      11 |       0 |   0.0
   Shoals:3 |   12199 |    4529 |  27.1 |      30 |       6 |  16.7
   Shoals:4 |   10840 |   17145 |  61.3 |      28 |      32 |  53.3
    Snake:1 |   18499 |    9789 |  34.6 |      47 |      19 |  28.8
    Snake:2 |    8372 |   17030 |  67.0 |      18 |      27 |  60.0
    Snake:3 |    8936 |       0 |   0.0 |      19 |       0 |   0.0
    Snake:4 |   14249 |   26417 |  65.0 |      32 |      47 |  59.5
      Orc:1 |    1625 |    3971 |  71.0 |      19 |       4 |  17.4
      Orc:2 |    1922 |    9824 |  83.6 |      21 |      50 |  70.4
      Elf:1 |    7325 |    8814 |  54.6 |      16 |      25 |  61.0
     Bailey |       0 |    1428 | 100.0 |       0 |      12 | 100.0
      IceCv |     231 |    8142 |  97.2 |       1 |      29 |  96.7
   Gauntlet |       0 |    4495 | 100.0 |       0 |      12 | 100.0
            +---------+---------+-------+---------+---------+-------
